 Dungeon Sprint DCSS version 0.22-a0-259-gdd11e71 (webtiles) character file.

522 Ghella the Unseen (level 7, 0/44 HPs)
             Began as an Octopode Enchanter on Mar 5, 2018.
             Was a Believer of Dithmenos.
             Slain by a wandering mushroom (4 damage)
             ... in the Dungeon (Sprint IV: "Fedhas' Mad Dash").
             The game lasted 00:03:47 (2914 turns).

Ghella the Unseen (Octopode Enchanter)              Turns: 2914, Time: 00:03:47

Health: 0/44       AC:  1    Str:  7    XL:     7   Next: 22%
Magic:  10/10      EV: 13    Int: 17    God:    Dithmenos [**....]
Gold:   2          SH:  0    Dex: 15    Spells: 4/10 levels left

rFire    . . .     SeeInvis .   a - +1 dagger
rCold    . . .     Gourm    .   (no shield)
rNeg     . . .     Faith    .   (helmet restricted)
rPois    .         Spirit   .   b - amulet of invisibility {+Inv}
rElec    .         Reflect  .   (no ring)
rCorr    .         Harm     .   (no ring)
MR       .....     NoTele   +   (no ring)
Stlth    +++++.....             (no ring)
HPRegen  0.14/turn              (no ring)
MPRegen  0.12/turn              (no ring)
                                (no ring)
                                (no ring)

@: confused, wreathed by umbra
A: almost no armour, stealthy swim, amphibious, 8 rings, constrict 8, camouflage
1, gelatinous body 1
a: Shadow Step, Renounce Religion, Evoke Invisibility


You were in the Dungeon.
You worshipped Dithmenos.
Dithmenos was pleased with you.
You were very hungry.

You visited 1 branch You collected 152 gold pieces.
You spent 150 gold pieces at shops.

Inventory:

Hand Weapons
 a - a +1 dagger (weapon)
Jewellery
 b - the amulet of invisibility (around mantle) {+Inv}
   (You found it in the Dungeon)

   [amulet of nothing]

   It lets you turn invisible.
Scrolls
 h - a scroll of fear {unknown}
 i - a scroll of blinking
Potions
 d - a potion of curing
 e - a potion of heal wounds
 f - a potion of haste
 g - 2 potions of magic


   Skills:
 + Level 1.8 Fighting
 - Level 1.0 Short Blades
 - Level 2.0 Dodging
 * Level 18.4 Stealth
 - Level 2.0 Spellcasting
 - Level 3.0 Hexes
 + Level 5.1 Evocations


You had 4 spell levels left.
You knew the following spells:

 Your Spells              Type           Power        Failure   Level  Hunger
a - Corona                Hex            ##.....      5%          1    #......
b - Ensorcelled Hibernat  Hex/Ice        #.....       16%         2    ###....
c - Confuse               Hex            ##......     17%         3    ###....


Dungeon Overview and Level Annotations

Branches:
Dungeon (1/1)

Altars:
Cheibriados
Dithmenos
Elyvilon
Gozag
Hepliaklqana
Kikubaaqudgha
Makhleb
Nemelex Xobeh
Okawaru
Qazlal
Ru
Sif Muna
Trog
Uskayaw
Vehumet
Wu Jian
Xom
Yredelemnul
Zin
The Shining One
Beogh
Jiyva
Lugonu

Shops:
D *}


Innate Abilities, Weirdness & Mutations

You cannot wear most types of armour.
You are very stealthy in the water. (Stealth+)
You are amphibious.
You can wear up to eight rings at the same time.
You can use your tentacles to constrict eight enemies at once.
Your skin changes colour to match your surroundings (Stealth+).
Your rubbery body absorbs attacks. (AC +1, EV +1)


Message History

The burning bush throws fire at you. The puff of flame misses you.
The puff of flame hits the wandering mushroom.
The wandering mushroom closely misses you.
You're too confused to move!
The wandering mushroom barely misses you.
The wandering mushroom releases spores at you!
You are engulfed in a cloud of spores!
You bump into the stone wall.
The wandering mushroom closely misses you.
You bump into the stone wall.
The wandering mushroom barely misses you.
The wandering mushroom releases spores at you!
* * * LOW HITPOINT WARNING * * *
You are engulfed in a cloud of spores!
You bump into the stone wall.
The burning bush throws fire at you. The puff of flame misses you.
The wandering mushroom releases spores at you.
You die...

####################
._._.⌠.#..'.))#....#
_._._..'..#...#...P+
._._...#..###'##@.?#
_._._..#.(##∩∩.'f..#
._._.⌠.#############
########


You could see a wandering mushroom and a burning bush.

Vanquished Creatures
  A wandering mushroom (D)
  2 scorpions (D)
  4 oklob saplings (D)
  A worker ant (D)
  2 spriggans (D)
  A river rat (D)
  A rat (D)
12 creatures vanquished.

Notes
Turn   | Place    | Note
-------+----------+-------------------------------------------
     0 | D        | Ghella the Octopode Enchanter began the quest for the Orb.
     0 | D        | Reached XP level 1. HP: 11/11 MP: 3/3
    12 | D        | Reached skill level 7 in Stealth
    12 | D        | Reached XP level 2. HP: 17/17 MP: 5/5
   341 | D        | Noticed an oklob sapling
   343 | D        | Killed an oklob sapling
   343 | D        | Reached skill level 9 in Stealth
   343 | D        | Reached XP level 3. HP: 21/21 MP: 6/6
   346 | D        | Found the amulet of invisibility {+Inv}
   347 | D        | Reached skill level 11 in Stealth
   347 | D        | Reached XP level 4. HP: 27/27 MP: 7/7
   467 | D        | Found an opulent altar of Gozag.
   467 | D        | Found a hazy altar of Hepliaklqana.
   467 | D        | Found a burning altar of Makhleb.
   467 | D        | Found a roughly hewn altar of Beogh.
   467 | D        | Found a sparkling altar of Nemelex Xobeh.
   467 | D        | Found a snail-covered altar of Cheibriados.
   467 | D        | Found a sacrificial altar of Ru.
   467 | D        | Found a deep blue altar of Sif Muna.
   467 | D        | Found a shimmering altar of Xom.
   467 | D        | Found a basalt altar of Yredelemnul.
   468 | D        | Found a viscous altar of Jiyva.
   468 | D        | Found a bloodstained altar of Trog.
   468 | D        | Found an ornate altar of the Wu Jian Council.
   468 | D        | Noticed an oklob sapling priest
   469 | D        | Found an iron altar of Okawaru.
   469 | D        | Found a shadowy altar of Dithmenos.
   469 | D        | Found a glowing silver altar of Zin.
   470 | D        | Found an ancient bone altar of Kikubaaqudgha.
   470 | D        | Found a hide-covered altar of Uskayaw.
   471 | D        | Found a stormy altar of Qazlal.
   471 | D        | Found a white marble altar of Elyvilon.
   471 | D        | Found a glowing golden altar of the Shining One.
   472 | D        | Found a corrupted altar of Lugonu.
   472 | D        | Found a radiant altar of Vehumet.
   475 | D        | Killed an oklob sapling priest
   475 | D        | Reached skill level 13 in Stealth
   475 | D        | Reached skill level 1 in Evocations
   479 | D        | Became a worshipper of Dithmenos the Shadowed
   491 | D        | Reached skill level 1 in Fighting
   491 | D        | Reached XP level 5. HP: 33/33 MP: 5/8
   845 | D        | Reached skill level 14 in Stealth
   846 | D        | Reached * piety under Dithmenos
   846 | D        | Reached skill level 15 in Stealth
   848 | D        | Reached XP level 6. HP: 38/38 MP: 6/9
   863 | D        | Found Moqoes's Gadget Shop.
   863 | D        | Found Nadghucs's General Store.
   870 | D        | Bought 2 potions of heal wounds for 100 gold pieces
  1039 | D        | Noticed a burning bush
  1039 | D        | Noticed a wandering mushroom
  1040 | D        | Noticed a wandering mushroom
  1042 | D        | Killed a wandering mushroom
  1042 | D        | Reached skill level 18 in Stealth
  1042 | D        | Reached XP level 7. HP: 44/44 MP: 7/10
  1044 | D        | Reached ** piety under Dithmenos
  1044 | D        | Reached skill level 5 in Evocations
  1262 | D        | Learned a level 2 spell: Ensorcelled Hibernation
  1266 | D        | Learned a level 3 spell: Confuse
  2220 | D        | Bought a ration for 50 gold pieces
  2914 | D        | Slain by a wandering mushroom

Vault maps used:
D:        dungeon_sprint_fedhas

Skill      XL: |  1  2  3  4  5  6  7 |
---------------+----------------------+-----
Stealth        | 7 9 11 13 15 18 | 18.4
Evocations     | 1 3 4 5 |  5.1
Fighting       | 1 |  1.8
Short Blades   | |  1.0
Dodging        | |  2.0
Spellcasting   | |  2.0
Hexes          | |  3.0

Action                   |  1- 3 |  4- 6 |  7- 9 || total
-------------------------+-------+-------+-------++-------
Melee: Dagger            |     7 |     6 |    20 ||    33
       Constrict         |     2 |       |     1 ||     3
       Tentacles         |     1 |       |     7 ||     8
 Cast: Confuse           |       |       |    10 ||    10
 Abil: Evoke Invisibilit |       |     4 |       ||     4
  Use: Potion            |     1 |       |     2 ||     3
 Stab: Sleeping          |     2 |     6 |     2 ||    10
       Distracted        |       |       |     1 ||     1
  Eat: Chunk             |       |     1 |       ||     1
       Ration            |       |       |     2 ||     2
Dodge: Dodged            |       |       |    10 ||    10

Table legend:
 A = Spawn XP
 B = Non-spawn XP
 C = Spawn XP percentage of total XP
 D = Spawn monster count
 E = Non-spawn monster count
 F = Spawn count percentage of total count
 G = Total turns spent on level
                    A         B        C        D         E        F      G
               +---------+---------+-------+---------+---------+-------+---------
         Total |       0 |     747 |   0.0 |       0 |      12 |   0.0 |  2914
               +---------+---------+-------+---------+---------+-------+---------
             D |       0 |     747 |   0.0 |       0 |      12 |   0.0 |  2914
               +---------+---------+-------+---------+---------+-------+---------
